Map: [ESL] Data-C

Players

Neeb - Winner!

  • Race: Protoss Protoss
  • Spawn Location: 3:00

trigger

  • Race: Protoss Protoss
  • Spawn Location: 9:00

Event: DreamHack SC2 Masters 2022 Atlanta (Online)

VOD

Have the link to the VOD?

Description

Time

  • Played on: Oct. 9, 2022, 2:34 p.m.
  • Length: 8:53

All games in this series

Show
View Real Time Build Order
Export as new Build Order

Neeb Protoss - Winner!

Build Orders: Oracle Opening 

Get SALT Encoding   

  12  0:00  Probe  
  13  0:12  Probe  
  14  0:19  Pylon  
  14  0:24  Probe  
  15  0:37  Probe (Chrono Boost)  
  15  0:38  Gateway  
  16  0:47  Probe (Chrono Boost), Assimilator  
  17  0:52  Probe (Chrono Boost)  
  18  1:04  Probe  
  19  1:16  Probe (Chrono Boost)  
  20  1:23  Pylon  
  20  1:25  Assimilator  
  20  1:27  Probe (Chrono Boost), Cybernetics Core  
  20  1:32  Probe (Chrono Boost)  
  22  1:42  Probe  
  25  1:54  Probe  
  26  2:04  Stalker (Chrono Boost)  
  26  2:05  Nexus  
  26  2:08  Warp Gate  
  26  2:11  Probe  
  27  2:19  Pylon  
  27  2:25  Pylon  
  27  2:29  Stargate  
  26  2:36  Probe  
  27  2:48  Probe  
  27  2:49  Stalker  
  30  2:52  Shield Battery  
  30  3:02  Probe  
  30  3:03  Shield Battery  
  31  3:10  Oracle (Chrono Boost)  
  31  3:16  Probe  
  31  3:18  Probe  
  36  3:23  Stalker  
  38  3:28  Probe  
  38  3:30  Probe  
  40  3:40  Probe  
  41  3:42  Oracle, Probe  
  44  3:51  Gateway  
  44  3:52  Probe  
  44  3:54  Probe  
  46  4:01  Pylon  
  46  4:04  Probe  
  46  4:06  Probe  
  48  4:13  Twilight Council  
  49  4:18  Probe x2 (Chrono Boost)  
  49  4:19  Stalker  
  49  4:22  Pylon  
  52  4:30  Gateway  
  52  4:31  Probe (Chrono Boost)  
  54  4:33  Probe (Chrono Boost)  
  54  4:35  Assimilator  
  54  4:36  Probe (Chrono Boost)  
  55  4:41  Probe  
  56  4:51  Probe  
  57  4:52  Stalker  
  57  4:53  Stalker  
  57  4:54  Blink (Chrono Boost)  
  57  4:59  Probe  
  62  5:02  Pylon  
  62  5:07  Nexus  
  62  5:12  Probe  
  62  5:13  Probe  
  64  5:29  Stalker x3  
  64  5:33  Probe  
  71  5:38  Assimilator, Pylon x2  
  71  5:39  Probe  
  71  5:40  Pylon  
  72  5:45  Probe  
  69  5:51  Probe  
  69  5:54  Stalker  
  69  5:55  Stalker x2  
  70  5:57  Probe  
  70  6:03  Probe  
  72  6:09  Probe  
  73  6:12  Dark Shrine, Gateway  
  73  6:15  Probe  
  73  6:17  Stalker x3  
  77  6:22  Nexus  
  77  6:28  Nexus  
  77  6:34  Probe  
  77  6:35  Probe  
  77  6:38  Pylon  
  79  6:41  Stalker x3  
  79  6:42  Pylon  
  79  6:47  Probe  
  86  6:48  Probe  
  87  6:58  Nexus  
  87  7:05  Stalker x3  
  93  7:16  Probe x2  
  93  7:20  Shield Battery  
  95  7:25  Forge  
  95  7:26  Dark Templar  
  95  7:29  Dark Templar  
  99  7:31  Pylon  
  99  7:32  Stalker  
  99  7:36  Dark Templar  
  103  7:39  Probe x2 (Chrono Boost)  
  105  7:51  Probe x2 (Chrono Boost)  
  107  7:57  Probe x2 (Chrono Boost)  
  109  8:01  Stalker x3  
  115  8:19  Nexus  
  113  8:29  Pylon  
  113  8:37  Stalker x4  
  105  8:43  Gateway  
  105  8:45  Gateway  
  101  8:48  Gateway  
Show
View Real Time Build Order
Export as new Build Order

trigger Protoss 

Build Orders: Oracle Opening, Blink Stalkers 

Get SALT Encoding   

  12  0:00  Probe  
  13  0:12  Probe  
  14  0:19  Pylon  
  14  0:24  Probe  
  15  0:37  Probe (Chrono Boost)  
  15  0:39  Gateway  
  16  0:46  Probe (Chrono Boost)  
  16  0:47  Assimilator  
  17  0:51  Probe  
  18  1:03  Probe (Chrono Boost)  
  19  1:05  Assimilator  
  19  1:06  Pylon  
  19  1:13  Probe (Chrono Boost)  
  20  1:18  Probe (Chrono Boost)  
  21  1:28  Cybernetics Core  
  21  1:30  Probe  
  21  1:32  Zealot  
  24  1:42  Probe  
  25  1:49  Pylon  
  25  1:54  Probe  
  26  2:05  Stargate  
  26  2:09  Stalker  
  29  2:30  Pylon  
  29  2:32  Nexus  
  29  2:37  Warp Gate  
  28  2:46  Oracle (Chrono Boost)  
  28  2:51  Probe  
  32  2:59  Shield Battery  
  32  3:03  Probe  
  33  3:09  Twilight Council  
  33  3:15  Probe  
  34  3:20  Stalker  
  36  3:27  Probe  
  37  3:34  Gateway  
  37  3:39  Probe  
  38  3:43  Blink (Chrono Boost)  
  38  3:47  Probe  
  39  3:53  Probe  
  40  3:59  Probe (Chrono Boost)  
  40  4:00  Pylon  
  41  4:09  Probe (Chrono Boost)  
  39  4:11  Probe (Chrono Boost)  
  40  4:20  Probe (Chrono Boost)  
  40  4:21  Probe (Chrono Boost)  
  40  4:24  Gateway  
  42  4:26  Stalker  
  42  4:29  Stalker  
  47  4:31  Probe  
  47  4:35  Probe  
  48  4:43  Probe  
  45  4:47  Probe  
  43  4:55  Probe, Stalker x2  
  48  5:01  Probe  
  48  5:04  Gateway  
  49  5:17  Stalker  
  49  5:18  Stalker  
  49  5:19  Stalker  
  55  5:27  Probe  
  50  5:30  Probe  
  49  5:39  Probe  
  50  5:43  Probe  
  51  5:54  Probe (Chrono Boost)  
  51  5:56  Stalker x2  
  50  6:03  Probe (Chrono Boost)  
  52  6:05  Probe (Chrono Boost), Stalker  
  52  6:10  Probe x2 (Chrono Boost)  
  56  6:20  Probe  
  56  6:21  Probe  
  58  6:31  Stalker x2  
  62  6:35  Pylon  
  62  6:37  Pylon  
  62  6:41  Nexus  
  62  6:49  Probe (Chrono Boost)  
  63  6:54  Probe (Chrono Boost)  
  63  6:59  Stalker x3  
  70  7:02  Probe x2 (Chrono Boost)  
  71  7:08  Probe (Chrono Boost)  
  71  7:12  Pylon  
  71  7:14  Probe (Chrono Boost), Forge  
  73  7:20  Probe (Chrono Boost)  
  75  7:24  Assimilator  
  75  7:26  Probe x2 (Chrono Boost)  
  76  7:31  Shield Battery  
  76  7:32  Sentry  
  76  7:34  Probe (Chrono Boost)  
  76  7:36  Probe (Chrono Boost)  
  80  7:40  Stalker  
  80  7:42  Stalker  
  84  7:47  Probe (Chrono Boost)  
  86  7:52  Probe (Chrono Boost)  
  86  7:55  Probe (Chrono Boost)  
  87  7:58  Stalker  
  87  7:59  Probe (Chrono Boost)  
  87  8:05  Probe (Chrono Boost)  
  92  8:07  Probe (Chrono Boost)  
  92  8:09  Photon Cannon  
  92  8:10  Photon Cannon  
  92  8:12  Probe (Chrono Boost)  
  86  8:16  Probe  
  76  8:23  Photon Cannon x2  
Tags
 
Add a new tag
Caveats
  • Supply blocks, unpowered buildings, or Contaminate may cause inaccurate times.
  • Supply counts are checked every 10 seconds.